TOP OF THE 1ST |
Tortolita Drummers batting - Pitching for Alloway Halberds : RHP Bob Browning
|
Pitching: RHP Bob Browning
|
|
Batting: RHB Lu-fang Koo
|
0-0: Called Strike 0-1: Swinging Strike 0-2: Ball 1-2: Strikes out swinging
|
Batting: RHB Ricardo Pacheco
|
0-0: Called Strike 0-1: Ball 1-1: Ball 2-1: SINGLE (Flyball, 89M)
|
Batting: LHB Glen Allen Mixon
|
0-0: Ball 1-0: Called Strike 1-1: Ball 2-1: Fly out, F4 (Popup, 4)
|
Batting: SHB Marcos Roa
|
0-0: Called Strike 0-1: Foul Ball, location: 2F 0-2: SINGLE (Groundball, 4D) Ricardo Pacheco to second Ricardo Pacheco to third
|
Batting: RHB Pedro Castillo
|
0-0: Foul Ball, location: 2F 0-1: Ball 1-1: Ball 2-1: Ball 3-1: Called Strike 3-2: Foul Ball, location: 2F 3-2: Single, Error in OF, E8, batter to second base Ricardo Pacheco scores Marcos Roa to third
|
Batting: LHB Alberto Garza
|
0-0: Ball 1-0: Ground out 3-1 (Groundball, 34)
|
Top of the 1st over - 1 run, 3 hits, 1 error, 2 left on base; Tortolita 1 - Alloway 0 |
BOTTOM OF THE 1ST |
Alloway Halberds batting - Pitching for Tortolita Drummers : LHP César Vásquez
|
Pitching: LHP César Vásquez
|
|
Batting: RHB Jordan Hollins
|
0-0: Swinging Strike 0-1: Ball 1-1: Foul Ball, location: 2F 1-2: Ball 2-2: Ball 3-2: Base on Balls
|
Batting: RHB Carlos Ramírez
|
0-0: Ball 1-0: Ball 2-0: Swinging Strike 2-1: Called Strike 2-2: Ground out 5-3 (Groundball, 56S) Jordan Hollins to second
|
Batting: LHB José Zarate
|
0-0: Ball 1-0: Ball 2-0: Ground out 4-3 (Groundball, 4) Jordan Hollins to third
|
Batting: RHB Manny Gonzáles
|
0-0: Ball 1-0: Called Strike 1-1: Ball 2-1: Ball 3-1: Foul Ball, location: 2F 3-2: Fly out, F9 (Flyball, 9S)
|
Bottom of the 1st over - 0 runs, 0 hits, 0 errors, 1 left on base; Tortolita 1 - Alloway 0 |
TOP OF THE 2ND |
Tortolita Drummers batting - Pitching for Alloway Halberds : RHP Bob Browning
|
Batting: RHB Colby King
|
0-0: Fly out, F7 (Flyball, 78S)
|
Batting: RHB Jim Burch
|
0-0: Foul Ball, location: 2F 0-1: Hit by Pitch
|
Batting: SHB Anthony Hopkins
|
0-0: Called Strike 0-1: Swinging Strike 0-2: Ball 1-2: Fly out, F4 (Line Drive, 4MS) Lined into DP, 4-3 (Line Drive, 4MS)
|
Top of the 2nd over - 0 runs, 0 hits, 0 errors, 0 left on base; Tortolita 1 - Alloway 0 |
BOTTOM OF THE 2ND |
Alloway Halberds batting - Pitching for Tortolita Drummers : LHP César Vásquez
|
Batting: RHB Carlos De Jesús
|
0-0: Called Strike 0-1: Foul Ball, location: 2F 0-2: Ball 1-2: Ball 2-2: Fly out, F9 (Flyball, 9LS)
|
Batting: RHB Carlos Ávila
|
0-0: Ball 1-0: Called Strike 1-1: Called Strike 1-2: Ball 2-2: Ball 3-2: Strikes out swinging
|
Batting: RHB Bass Reeves
|
0-0: Ground out 4-3 (Groundball, 4D)
|
Bottom of the 2nd over - 0 runs, 0 hits, 0 errors, 0 left on base; Tortolita 1 - Alloway 0 |
TOP OF THE 3RD |
Tortolita Drummers batting - Pitching for Alloway Halberds : RHP Bob Browning
|
Batting: RHB Lu-fang Koo
|
0-0: Called Strike 0-1: Ball 1-1: Foul Ball, location: 2F 1-2: Strikes out swinging, 2-3 out at first.
|
Batting: RHB Ricardo Pacheco
|
0-0: Called Strike 0-1: Called Strike 0-2: Strikes out looking
|
Batting: LHB Glen Allen Mixon
|
0-0: Foul Ball, location: 2F 0-1: Ground out 2-3 (Groundball, 2R)
|
Top of the 3rd over - 0 runs, 0 hits, 0 errors, 0 left on base; Tortolita 1 - Alloway 0 |
BOTTOM OF THE 3RD |
Alloway Halberds batting - Pitching for Tortolita Drummers : LHP César Vásquez
|
Batting: RHB Bryan Clifton
|
0-0: Called Strike 0-1: Reached on error, E5 (Groundball, 56)
|
Batting: RHB Juan Salinas
|
0-0: TRIPLE (Flyball, 89XD) Bryan Clifton scores
|
Batting: RHB Jordan Hollins
|
0-0: Ball 1-0: Ground out 5-3 (Groundball, 5L)
|
Batting: RHB Carlos Ramírez
|
0-0: Ball 1-0: SINGLE (Line Drive, 8LS) Juan Salinas scores
|
Batting: LHB José Zarate
|
0-0: Ball Carlos Ramírez is caught stealing 2nd base 1-0: Ball 2-0: SINGLE (Groundball, 4) (infield hit)
|
Batting: RHB Manny Gonzáles
|
0-0: Called Strike 0-1: Foul Ball, location: 2F 0-2: Strikes out swinging
|
Bottom of the 3rd over - 2 runs, 3 hits, 1 error, 1 left on base; Tortolita 1 - Alloway 2 |
TOP OF THE 4TH |
Tortolita Drummers batting - Pitching for Alloway Halberds : RHP Bob Browning
|
Batting: SHB Marcos Roa
|
0-0: Called Strike 0-1: Swinging Strike 0-2: Foul Ball, location: 2F 0-2: Ball 1-2: Ball 2-2: Ground out 4-3 (Groundball, 4)
|
Batting: RHB Pedro Castillo
|
0-0: Foul Ball, location: 2F 0-1: Ball 1-1: Ball 2-1: Ground out 6-3 (Groundball, 6)
|
Batting: LHB Alberto Garza
|
0-0: Called Strike 0-1: Fly out, F4 (Popup, 4M)
|
Top of the 4th over - 0 runs, 0 hits, 0 errors, 0 left on base; Tortolita 1 - Alloway 2 |
BOTTOM OF THE 4TH |
Alloway Halberds batting - Pitching for Tortolita Drummers : LHP César Vásquez
|
Batting: RHB Carlos De Jesús
|
0-0: Ball 1-0: Ball 2-0: Called Strike 2-1: Ball 3-1: Called Strike 3-2: Foul Ball, location: 2F 3-2: Strikes out swinging
|
Batting: RHB Carlos Ávila
|
0-0: Called Strike 0-1: Called Strike 0-2: Strikes out looking
|
Batting: RHB Bass Reeves
|
0-0: Ground out U3 (Groundball, 3S)
|
Bottom of the 4th over - 0 runs, 0 hits, 0 errors, 0 left on base; Tortolita 1 - Alloway 2 |
TOP OF THE 5TH |
Tortolita Drummers batting - Pitching for Alloway Halberds : RHP Bob Browning
|
Batting: RHB Colby King
|
0-0: Swinging Strike 0-1: Ball 1-1: Swinging Strike 1-2: Ball 2-2: Ball 3-2: Base on Balls
|
Batting: RHB Jim Burch
|
0-0: Ground out 5-3 (Groundball, 25) Colby King to second
|
Batting: SHB Anthony Hopkins
|
0-0: Called Strike 0-1: Ball 1-1: Fly out, F9 (Flyball, 89S)
|
Batting: RHB Lu-fang Koo
|
0-0: Ball 1-0: Foul Ball, location: 2F 1-1: Foul Ball, location: 2F 1-2: Fly out, F8 (Line Drive, 78D)
|
Top of the 5th over - 0 runs, 0 hits, 0 errors, 1 left on base; Tortolita 1 - Alloway 2 |
BOTTOM OF THE 5TH |
Alloway Halberds batting - Pitching for Tortolita Drummers : LHP César Vásquez
|
Batting: RHB Bryan Clifton
|
0-0: Ball 1-0: Foul Ball, location: 2F 1-1: Ball 2-1: Ball 3-1: Reached on error, E1 (Groundball, 15S)
|
Batting: RHB Juan Salinas
|
0-0: Ball 1-0: Ground out 3-1 (Groundball, 34) Bryan Clifton to third
|
Batting: RHB Jordan Hollins
|
0-0: Ball 1-0: Ball 2-0: Fly out, F6 (Popup, 6)
|
Batting: RHB Carlos Ramírez
|
0-0: Ball 1-0: Called Strike 1-1: Ball 2-1: Foul Ball, location: 2F 2-2: Strikes out looking
|
Bottom of the 5th over - 0 runs, 0 hits, 1 error, 1 left on base; Tortolita 1 - Alloway 2 |
TOP OF THE 6TH |
Tortolita Drummers batting - Pitching for Alloway Halberds : RHP Bob Browning
|
Batting: RHB Ricardo Pacheco
|
0-0: Swinging Strike 0-1: Ball 1-1: Swinging Strike 1-2: Strikes out swinging
|
Batting: LHB Glen Allen Mixon
|
0-0: Ball 1-0: Ball 2-0: TRIPLE (Flyball, 8LXD)
|
Batting: SHB Marcos Roa
|
0-0: Called Strike 0-1: Ball 1-1: Ball 2-1: Ground out 1-3 (Groundball, 13S)
|
Batting: RHB Pedro Castillo
|
0-0: Foul Ball, location: 2F 0-1: Ball Wild Pitch! Glen Allen Mixon scores 1-1: SOLO HOME RUN (Flyball, 7LD), Distance : 362 ft
|
Batting: LHB Alberto Garza
|
0-0: Ball 1-0: Foul Ball, location: 2F 1-1: SINGLE (Groundball, 3D)
|
Batting: RHB Colby King
|
Pickoff Throw to First - Error! E1 Alberto Garza to second 0-0: Foul Ball, location: 2F 0-1: Foul Ball, location: 2F 0-2: Fly out, F7 (Line Drive, 7)
|
Top of the 6th over - 2 runs, 3 hits, 1 error, 1 left on base; Tortolita 3 - Alloway 2 |
BOTTOM OF THE 6TH |
Alloway Halberds batting - Pitching for Tortolita Drummers : LHP César Vásquez
|
Batting: LHB José Zarate
|
0-0: Called Strike 0-1: Ball 1-1: Ball 2-1: Ball 3-1: Base on Balls
|
Batting: RHB Manny Gonzáles
|
0-0: Ball 1-0: Foul Ball, location: 2F 1-1: Ball 2-1: 2-RUN HOME RUN (Flyball, 89XD), Distance : 435 ft
|
Batting: RHB Carlos De Jesús
|
0-0: Ball 1-0: Called Strike 1-1: Swinging Strike 1-2: Foul Ball, location: 2F 1-2: Foul Ball, location: 2F 1-2: Foul Ball, location: 2F 1-2: Ball 2-2: Strikes out swinging
|
Batting: RHB Carlos Ávila
|
0-0: Called Strike 0-1: Ground out 5-3 (Groundball, 5)
|
Batting: RHB Bass Reeves
|
0-0: Called Strike 0-1: Foul Ball, location: 2F 0-2: Foul Ball, location: 2F 0-2: Fly out, F9 (Line Drive, 9S)
|
Bottom of the 6th over - 2 runs, 1 hit, 0 errors, 0 left on base; Tortolita 3 - Alloway 4 |
TOP OF THE 7TH |
Tortolita Drummers batting - Pitching for Alloway Halberds : RHP Bob Browning
|
Batting: RHB Jim Burch
|
0-0: SINGLE (Line Drive, 6D)
|
Pinch Hitting: LHB Bernardo Elías
|
0-0: Bunted foul 0-1: Ball 1-1: Bunted foul 1-2: SINGLE (Line Drive, 89S) Jim Burch to second
|
Batting: RHB Lu-fang Koo
|
0-0: Bunted foul 0-1: Sac Bunt - play at first, batter OUT! U3 Jim Burch to third Bernardo Elías to second
|
Batting: RHB Ricardo Pacheco
|
0-0: Ball 1-0: Foul Ball, location: 2F 1-1: Fly out, F7 (Flyball, 7S)
|
Batting: LHB Glen Allen Mixon
|
0-0: Ball 1-0: DOUBLE (Line Drive, 8RXD) Jim Burch scores Bernardo Elías scores
|
Batting: SHB Marcos Roa
|
0-0: Ball 1-0: Called Strike 1-1: Swinging Strike 1-2: Ball 2-2: Ball 3-2: Fly out, F4 (Line Drive, 4)
|
Top of the 7th over - 2 runs, 3 hits, 0 errors, 1 left on base; Tortolita 5 - Alloway 4 |
BOTTOM OF THE 7TH |
Alloway Halberds batting - Pitching for Tortolita Drummers : LHP César Vásquez
|
Now at 3B: Santo Alba
|
|
Batting: RHB Bryan Clifton
|
0-0: Ball 1-0: Ball 2-0: Ball 3-0: Base on Balls
|
Batting: RHB Juan Salinas
|
0-0: Called Strike 0-1: Fly out, F7 (Flyball, 7LS)
|
Pitching: RHP Mark Sinclair
|
|
Batting: RHB Jordan Hollins
|
0-0: Called Strike 0-1: Ball 1-1: Swinging Strike 1-2: Strikes out swinging
|
Batting: RHB Carlos Ramírez
|
0-0: Ball 1-0: Ball 2-0: Called Strike 2-1: Foul Ball, location: 2F 2-2: Ball 3-2: Foul Ball, location: 2F 3-2: Base on Balls Bryan Clifton to second
|
Batting: LHB José Zarate
|
0-0: Called Strike 0-1: Ball 1-1: Ball 2-1: Foul Ball, location: 2F 2-2: Fly out, F8 (Flyball, 8LD)
|
Bottom of the 7th over - 0 runs, 0 hits, 0 errors, 2 left on base; Tortolita 5 - Alloway 4 |
TOP OF THE 8TH |
Tortolita Drummers batting - Pitching for Alloway Halberds : RHP Bob Browning
|
Batting: RHB Pedro Castillo
|
0-0: Ball 1-0: SINGLE (Groundball, 34D)
|
Batting: LHB Alberto Garza
|
0-0: Sac Bunt - play at first, batter OUT! 5-4 Pedro Castillo to second
|
Batting: RHB Colby King
|
0-0: Intentional Walk
|
Batting: RHB Jim Burch
|
0-0: Grounds into double play, 6-4-3 (Groundball, 6)
|
Top of the 8th over - 0 runs, 1 hit, 0 errors, 1 left on base; Tortolita 5 - Alloway 4 |
BOTTOM OF THE 8TH |
Alloway Halberds batting - Pitching for Tortolita Drummers : RHP Mark Sinclair
|
Now at C: Eisse Cals
|
|
Batting: RHB Manny Gonzáles
|
0-0: Ball 1-0: Ball 2-0: Foul Ball, location: 2F 2-1: Foul Ball, location: 2F 2-2: Foul Ball, location: 2F 2-2: Fly out, F1 (Line Drive, 15)
|
Batting: RHB Carlos De Jesús
|
0-0: Ball 1-0: Ball 2-0: Ball 3-0: Base on Balls
|
Pitching: RHP Oliver Huerta
|
|
Batting: RHB Carlos Ávila
|
0-0: Ball 1-0: Ball 2-0: Called Strike 2-1: Ball 3-1: Base on Balls Carlos De Jesús to second
|
Batting: RHB Bass Reeves
|
0-0: Fly out, F6 (Line Drive, 6)
|
Batting: RHB Bryan Clifton
|
0-0: Ball 1-0: Called Strike 1-1: Fly out, F9 (Flyball, 9LM)
|
Bottom of the 8th over - 0 runs, 0 hits, 0 errors, 2 left on base; Tortolita 5 - Alloway 4 |
TOP OF THE 9TH |
Tortolita Drummers batting - Pitching for Alloway Halberds : RHP Bob Browning
|
Pitching: RHP Seb Alport
|
|
Batting: RHB Santo Alba
|
0-0: Called Strike 0-1: Ball 1-1: Ball 2-1: Ball 3-1: Swinging Strike 3-2: Strikes out looking
|
Batting: RHB Lu-fang Koo
|
0-0: Foul Ball, location: 2F 0-1: Foul Ball, location: 2F 0-2: Foul Ball, location: 2F 0-2: Foul Ball, location: 2F 0-2: Strikes out swinging
|
Batting: RHB Ricardo Pacheco
|
0-0: Ball 1-0: Foul Ball, location: 2F 1-1: Ball 2-1: Foul Ball, location: 2F 2-2: Ball 3-2: SINGLE (Line Drive, 34)
|
Batting: LHB Glen Allen Mixon
|
0-0: Ball 1-0: Called Strike 1-1: Hit by Pitch Ricardo Pacheco to second
|
Batting: SHB Marcos Roa
|
0-0: SINGLE (Line Drive, 56) Ricardo Pacheco to third Glen Allen Mixon to second Runner from 3rd tries for Home, SAFE, no throw
|
Batting: RHB Pedro Castillo
|
0-0: Ball 1-0: Called Strike 1-1: Ball 2-1: Fly out, F8 (Flyball, 8LM)
|
Top of the 9th over - 1 run, 2 hits, 0 errors, 2 left on base; Tortolita 6 - Alloway 4 |
BOTTOM OF THE 9TH |
Alloway Halberds batting - Pitching for Tortolita Drummers : RHP Oliver Huerta
|
Pitching: RHP Pedro Figueroa
|
|
Batting: RHB Juan Salinas
|
0-0: Ball 1-0: Ball 2-0: Ball 3-0: Called Strike 3-1: Base on Balls
|
Batting: RHB Jordan Hollins
|
0-0: Called Strike 0-1: Called Strike 0-2: Foul Ball, location: 2F 0-2: Ball 1-2: Ball 2-2: Ball 3-2: Grounds into double play, 4-6-3 (Groundball, 4)
|
Batting: RHB Carlos Ramírez
|
0-0: Foul Ball, location: 2F 0-1: Ball 1-1: DOUBLE (Groundball, 5L)
|
Batting: LHB José Zarate
|
0-0: Swinging Strike 0-1: Swinging Strike 0-2: Ball 1-2: Ball 2-2: Foul Ball, location: 2F 2-2: Ball 3-2: Foul Ball, location: 2F 3-2: Foul Ball, location: 2F 3-2: Strikes out swinging
|
Bottom of the 9th over - 0 runs, 1 hit, 0 errors, 1 left on base; Tortolita 6 - Alloway 4 |
|